 Dungeon Crawl Stone Soup version 0.26-a0-455-g0958c023ba (webtiles) character file.

Game seed: 3912762574609325582

70 Goblin1989 the Ducker (level 4, -1/27 HPs)
             Began as a Kobold Gladiator on July 29, 2020.
             Slain by an orc (3 damage)
             ... on level 3 of the Dungeon.
             The game lasted 00:02:05 (1309 turns).

Goblin1989 the Ducker (Kobold Gladiator)            Turns: 1309, Time: 00:02:05

Health: -1/27      AC: 11    Str: 12    XL:     4   Next: 44%
Magic:  4/4        EV:  6    Int:  9    God:
Gold:   31         SH:  0    Dex: 16    Spells: 3/3 levels left

rFire    . . .     SeeInvis .   a - +0 quarterstaff
rCold    . . .     Faith    +   (shield currently unavailable)
rNeg     . . .     Spirit   .   V - +0 plate armour
rPois    .         Reflect  .   c - +0 helmet
rElec    .         Harm     .   (no cloak)
rCorr    .                      (no gloves)
MR       .....                  (no boots)
Stlth    ..........             Y - amulet of faith {!P}
HPRegen  0.09/turn              (no ring)
MPRegen  0.09/turn              (no ring)

@: mighty, flying
A: small, nightstalker 3
a: no special abilities


You were on level 3 of the Dungeon.
You visited 1 branch of the dungeon, and saw 3 of its levels.

You collected 31 gold pieces.

Inventory:

Hand Weapons
 a - a +0 quarterstaff (weapon)
Missiles
 Z - 3 throwing nets (quivered) {!d , @Q1}
Armour
 b - a +0 leather armour
 c - a +0 helmet (worn)
 V - a +0 plate armour (worn)
Jewellery
 T - an uncursed ring of magical power {unknown}
 Y - an amulet of faith (around neck) {!P}
Scrolls
 S - a scroll of fear {unknown}
 X - 3 scrolls of identify {unknown}


   Skills:
 + Level 2.7 Fighting
 * Level 3.8 Staves
 - Level 2.1 Throwing
 + Level 0.8 Armour
 + Level 4.0 Dodging


You had 3 spell levels left.
You didn't know any spells.
Your spell library was empty.

Dungeon Overview and Level Annotations

Branches:
Dungeon (2/15)

Altars:


Innate Abilities, Weirdness & Mutations

You are small and have problems with some larger weapons.
You are completely attuned to the shadows.


Message History

The jackal bites you but does no damage. x2
You hear some strange, mumbled words.
You are confused.
The jackal bites you but does no damage.
The kobold hits you. The jackal completely misses you.
The kobold hits you but does no damage.
The jackal bites you but does no damage.
Something hits you but does no damage.
You take 3 damage, and have 15/27 hp.
You are too injured to fight recklessly!
You are too injured to fight recklessly!
You are too injured to fight recklessly!
Unknown command.
The jackal barely misses you. The jackal closely misses you.
Something hits you but does no damage.
You sock the jackal!
You kill the jackal!
The jackal barely misses you. The jackal bites you.
An orc comes into view.
The jackal bites you but does no damage.
The jackal bites you.
* * * LOW HITPOINT WARNING * * *
You take 3 damage, and have 12/27 hp.
Unknown command.
Unknown command.
It was a potion of flight.
You feel very buoyant.
You fly up into the air.
The jackal bites you but does no damage.
The kobold hits you but does no damage. The jackal completely misses you.
The kobold hits you but does no damage. Something hits you.
* * * LOW HITPOINT WARNING * * *
You take 2 damage, and have 10/27 hp.
It was a potion of might.
You feel very mighty all of a sudden.
The jackal bites you but does no damage.
The jackal barely misses you.
The kobold hits you but does no damage. x2
The orc hits you.
* * * LOW HITPOINT WARNING * * *
Something hits you but does no damage.
The jackal bites you but does no damage.
You take 1 damage, and have 9/27 hp.
Your plate armour prevents you from hitting the kobold.
The jackal barely misses you. The kobold barely misses you.
The jackal barely misses you. The kobold barely misses you.
The orc hits you but does no damage.
The jackal bites you but does no damage.
Something hits you but does no damage.
Unknown command.
You hit the kobold.
You kill the kobold!
You feel less confused.
The jackal bites you but does no damage. x2
The kobold barely misses you. The orc hits you.
* * * LOW HITPOINT WARNING * * *
Something hits you but does no damage. The jackal completely misses you.
Unknown command.
You thump the orc!
You kill the orc!
The jackal bites you but does no damage.
The orc hits you but does no damage. The kobold hits you but does no damage.
The jackal bites you.
* * * LOW HITPOINT WARNING * * *
The jackal bites you but does no damage.
Something hits you but does no damage. The orc hits you but does no damage.
You take 1 damage, and have 8/27 hp.
Unknown command.
You completely miss the orc. The jackal barely misses you. x2
The kobold hits you but does no damage. The orc hits you but does no damage.
Something hits you but does no damage. The jackal bites you.
* * * LOW HITPOINT WARNING * * *
The orc hits you but does no damage. The jackal completely misses you.
You take 2 damage, and have 6/27 hp.
Unknown command.
You miss something. The kobold hits you but does no damage.
The orc hits you but does no damage. The jackal barely misses you.
Something hits you but does no damage.
The jackal bites you but does no damage.
A frilled lizard comes into view.
The orc hits you but does no damage. The kobold hits you but does no damage.
Unknown command.
You miss something.
The frilled lizard hisses angrily.
The jackal bites you but does no damage.
The jackal closely misses you.
The orc hits you with a cursed -2 short sword.
* * * LOW HITPOINT WARNING * * *
You hear some strange, mumbled words.
Something tries to affect you, but you resist.
The orc hits you but does no damage. The jackal closely misses you.
The jackal bites you but does no damage.
The kobold hits you but does no damage. The orc hits you but does no damage.
You take 3 damage, and have 3/27 hp.
Unknown command.
You closely miss something. The jackal bites you.
* * * LOW HITPOINT WARNING * * *
Something hits you but does no damage.
The jackal bites you but does no damage.
The orc hits you.
You die...

.........
..........
............
██l[....†....
█............
█...o{.......
█..[o@.......
...†Khh......
...))r.......
.............
.....!.......
..........


You could see 2 orcs, 2 jackals, a kobold, a frilled lizard and a rat.

Vanquished Creatures
  An adder (D:2)
  An ooze (D:2)
  A dart slug (D:1)
  2 leopard geckos
  6 orcs (D:3)
  A ball python (D:1)
  2 giant cockroaches (D:1)
  4 hobgoblins
  6 jackals
  3 frilled lizards
  8 goblins
  5 kobolds
  2 rats
42 creatures vanquished.

Vanquished Creatures (others)
  A giant cockroach (D:2)
1 creature vanquished.

Grand Total: 43 creatures vanquished

Notes
Turn   | Place    | Note
-------+----------+-------------------------------------------
     0 | D:1      | Goblin1989 the Kobold Gladiator began the quest for the
                  | Orb.
     0 | D:1      | Reached XP level 1. HP: 12/12 MP: 1/1
   262 | D:1      | Reached XP level 2. HP: 16/17 MP: 2/2
   630 | D:1      | Reached XP level 3. HP: 21/21 MP: 3/3
  1249 | D:2      | Reached XP level 4. HP: 27/27 MP: 4/4
  1265 | D:2      | You fall into a shaft and drop 1 floor!
  1277 | D:3      | Reached skill level 4 in Dodging
  1309 | D:3      | Slain by an orc

Illustrated notes

Levels and vault maps discovered:
D:1:      dpeg_arrival_fog, layout_loops_ring
D:2:      layout_rooms, elyvilon_altar_4
D:3:      layout_rooms, evilmike_ruin_ashenzari

Skill      XL: |  1  2  3  4 |
---------------+-------------+-----
Staves         | 3 |  3.8
Dodging        | 4 |  4.0
Fighting       | |  2.7
Throwing       | |  2.1
Armour         | |  0.8

Action                   |  1- 3 |  4- 6 || total
-------------------------+-------+-------++-------
Melee: Quarterstaff      |    73 |    36 ||   109
  Use: Potion            |       |     2 ||     2
 Stab: Sleeping          |     6 |       ||     6
Armor: Plate armour      |    36 |    95 ||   131
Dodge: Dodged            |    27 |    37 ||    64

Table legend: (Time is in decaauts)
 A = Elapsed time spent in this place.
 B = Non-inter-level travel time spent in this place.
 C = Inter-level travel time spent in this place.
 D = Time resting spent in this place.
 E = Time spent auto-exploring this place.
 F = Levels seen in this place.
 G = Mean time per level.
                   A        B        C        D        E       F      G
               +--------+--------+--------+--------+--------+-----+--------+
         Total |   1322 |   1276 |     46 |    308 |    726 |   3 |  440.7 |
       Dungeon |   1322 |   1276 |     46 |    308 |    726 |   3 |  440.7 |
               +--------+--------+--------+--------+--------+-----+--------+

Top non-repeatable levels by time:
     D:1: 1024 daAuts
     D:2: 250 daAuts
     D:3: 47 daAuts
